 Dungeon Crawl Stone Soup version 0.18.1-1-g2f07953 (webtiles) character file.

4470 Eucla the Grappler (level 10, -2/100 HPs)
             Began as a Troll Monk on May 7, 2016.
             Was an Elder of Yredelemnul.
             Slain by an orc warrior
             ... wielding a +0 glaive
              (23 damage)
             ... on level 8 of the Dungeon.
             The game lasted 00:10:50 (5846 turns).

Eucla the Grappler (Troll Monk)                     Turns: 5846, Time: 00:10:50

Health: -2/100     AC:  6    Str: 21    XL:     10   Next: 15%
Magic:  7/9        EV: 12    Int:  6    God:    Yredelemnul [****..]
Gold:   481        SH:  0    Dex: 11    Spells: 0 memorised, 9 levels left

rFire  . . .     SeeInvis .       - Unarmed
rCold  . . .     Gourm    +     z - +2 robe {MR+}
rNeg   . . .     Faith    .     (no shield)
rPois  .         Spirit   .     (helmet restricted)
rElec  .         Dismiss  .     (no cloak)
rCorr  .         Reflect  .     (gloves unavailable)
SustAt .         Harm     +     (boots unavailable)
MR     ++...                    m - amulet of harm
Stlth  +.........               (no ring)
                                k - ring of protection from magic

@: lethally poisoned (-2 -> -6), very resistant to hostile enchantments, very
unstealthy
A: unfitting armour, claws 3, clumsy 2, deformed body, fast metabolism 3,
gourmand, mutation resistance 1, regeneration 2, shaggy fur 1, tough skin 2
a: Recall Undead Slaves, Injury Mirror, Animate Dead, Drain Life, Renounce
Religion


You were on level 8 of the Dungeon.
You worshipped Yredelemnul.
Yredelemnul was greatly pleased with you.
You were completely stuffed.

You visited 1 branch of the dungeon, and saw 9 of its levels.
You also visited: Bailey.

You collected 481 gold pieces.

Inventory:

Hand Weapons
 j - the +8 lance "Wyrmbane" {slay drac, +Rage rPois rF+ AC+5}
   (You found it on level 7 of the Dungeon)

   It affects your AC (+5).
   It protects you from fire.
   It protects you from poison.
   It lets you go berserk.
Armour
 a - a +0 robe
 z - a +2 robe of magic resistance (worn)
Jewellery
 k - a ring of protection from magic (left claw)
 m - an amulet of harm (around neck)
Wands
 r - a wand of lightning (8/15)
Scrolls
 c - a scroll of recharging {unknown}
 d - 8 scrolls of identify {unknown}
 e - 3 scrolls of enchant weapon {unknown}
 i - 2 scrolls of fog {unknown}
 l - 2 scrolls of remove curse {unknown}
 n - 2 scrolls of noise {unknown}
 o - 2 scrolls of teleportation {unknown}
 p - 2 scrolls of blinking {unknown}
 t - a scroll of enchant armour {unknown}
 u - a scroll of torment {unknown}
 w - a scroll of holy word {unknown}
 y - a scroll of immolation {unknown}
 A - a scroll of random uselessness {unknown}
 C - a scroll of magic mapping {unknown}
Potions
 f - 2 potions of curing
 h - a potion of lignification {unknown}
 s - a potion of resistance
 x - a potion of invisibility {unknown}
 B - 2 potions of heal wounds {unknown}
Books
 v - a Young Poisoner's Handbook

   Spells                             Type                      Level
   a - Sting                          Conjuration/Poison           1
   b - Cure Poison                    Poison                       2
   c - Mephitic Cloud                 Conjuration/Poison/Air       3
   d - Olgreb's Toxic Radiance        Poison                       4
   e - Venom Bolt                     Conjuration/Poison           5
Comestibles
 b - 4 bread rations
 g - 3 meat rations
 q - a royal jelly
 D - 4 chunks of flesh


   Skills:
 + Level 6.5 Fighting
 + Level 6.6 Dodging
 - Level 1.1 Stealth
 * Level 11.3 Unarmed Combat


You had 9 spell levels left.
You didn't know any spells.

Dungeon Overview and Level Annotations

Branches:
Dungeon (9/15)             Temple (0/1) D:6
   Lair: D:8-11         Orc: D:9-12

Altars:
Dithmenos
Elyvilon
Kikubaaqudgha
Pakellas
Trog
Xom
Yredelemnul
The Shining One

Shops:
D:5 [


Innate Abilities, Weirdness & Mutations

You are too large for most types of armour.
You have claws for hands.
Your metabolism is lightning-fast.
You like to eat raw meat.
You heal very quickly.
You are covered in fur (AC +1).
You have very tough skin (AC +2).
You are very clumsy. (Dex -4)
Armour fits poorly on your strangely shaped body.
You are somewhat resistant to further mutation.


Message History

Unknown command.
You swap places.
You feel sick.
The killer bee closely misses your killer bee zombie.
The orc hits your killer bee zombie with a dagger.
Your killer bee zombie closely misses the orc.
Your killer bee zombie hits the orc.
Your crocodile zombie barely misses the orc.
The orc warrior hits you with a glaive!!
* * * LOW HITPOINT WARNING * * *
The killer bee stings your killer bee zombie.
Your killer bee zombie hits the orc!
The orc dies!
Yredelemnul accepts your kill.
Unknown command.
You swap places.
You feel sick.
Your giant cockroach zombie barely misses the orc warrior.
The killer bee stings your killer bee zombie.
The orc warrior hits you from afar with a glaive!!
You die...
Your body rises from the dead as a mindless zombie.

#..# #.#
##.###.#
#(.##.#
##....#
#....####
#.......#
#.......#
##..Z...#
##ZZ@..#


#ZZZZ.# ##oy..# #....# #....# #.#### #(# #.# #.# You could see an orc warrior, a
killer bee, a friendly crocodile zombie, 5 friendly killer bee zombies and a
friendly giant cockroach zombie.

Vanquished Creatures
  A deep elf mage (Bailey)
  A manticore (D:8)
  A wyvern (D:8)
  A hungry ghost (D:8)
  Menkaure (D:4)
  3 orc warriors
  A phantom (D:7)
  2 sky beasts
  An ice beast (D:8)
  A black bear (D:7)
  2 ogres (D:4)
  3 centaurs
  2 crocodiles
  A giant frog (D:7)
  A scorpion (D:6)
  3 killer bees (D:8)
  2 howler monkeys
  5 crimson imps
  2 giant frog zombies (D:7)
  6 hounds
  4 orc wizards (D:7)
  An orc priest (D:8)
  A jelly (D:7)
  A centaur skeleton (D:8)
  2 giant frog skeletons
  6 worker ants
  2 iguanas
  2 hound zombies
  A hound skeleton (D:6)
  A howler monkey skeleton (D:4)
  4 gnolls (D:6)
  10 adders
  A white imp (D:7)
  An adder skeleton (D:7)
  A worm (D:4)
  4 dart slugs
  5 giant geckos
  20 orcs
  4 bats
  A bat zombie (D:6)
  2 giant cockroaches
  13 goblins
  9 hobgoblins
  10 jackals
  3 quokkas
  A ball python (D:3)
  A giant newt (D:3)
  A goblin zombie (D:7)
  3 hobgoblin zombies (D:7)
  11 kobolds
  4 kobold skeletons (D:7)
  An orc zombie (D:7)
  7 rats
  2 rat zombies (D:6)
180 creatures vanquished.

Vanquished Creatures (collateral kills)
  Psyche (D:8)
  A phantom (D:6)
  A crocodile (D:8)
  A scorpion (D:7)
  4 killer bees (D:8)
  An orc wizard (D:7)
  4 orcs
13 creatures vanquished.

Vanquished Creatures (others)
  A flying skull (D:7)
  A hound (D:5)
  2 orc zombies (D:7)
4 creatures vanquished.

Grand Total: 197 creatures vanquished

Notes
Turn   | Place    | Note
--------------------------------------------------------------
     0 | D:1      | Eucla the Troll Monk began the quest for the Orb.
     0 | D:1      | Reached XP level 1. HP: 22/22 MP: 0/0
   156 | D:1      | Reached XP level 2. HP: 27/29 MP: 1/1
   382 | D:1      | Reached XP level 3. HP: 36/36 MP: 2/2
   768 | D:2      | Found a shimmering altar of Xom.
   841 | D:2      | Found a basalt altar of Yredelemnul.
   858 | D:2      | Became a worshipper of Yredelemnul the Dark
   858 | D:2      | Reached * piety under Yredelemnul
   858 | D:2      | Reached ** piety under Yredelemnul
   978 | D:2      | Reached XP level 4. HP: 43/44 MP: 3/3
  1069 | D:2      | Reached skill level 5 in Unarmed Combat
  1559 | D:3      | Found a bloodstained altar of Trog.
  1669 | D:3      | Found an oddly glowing altar of Pakellas.
  1678 | D:3      | Reached XP level 5. HP: 47/53 MP: 4/4
  1987 | D:4      | Noticed Menkaure
  1994 | D:4      | Killed Menkaure
  1994 | D:4      | Reached skill level 6 in Unarmed Combat
  1994 | D:4      | Reached XP level 6. HP: 25/61 MP: 5/5
  2007 | D:4      | Found a white marble altar of Elyvilon.
  2150 | D:4      | Reached XP level 7. HP: 56/68 MP: 6/6
  2413 | D:5      | Entered Level 5 of the Dungeon
  2422 | D:5      | Reached skill level 7 in Unarmed Combat
  2459 | D:5      | Reached *** piety under Yredelemnul
  2899 | D:5      | Found Bal Lano's Armour Boutique.
  2916 | D:6      | Found a staircase to the Ecumenical Temple.
  3094 | D:6      | Reached XP level 8. HP: 79/79 MP: 7/7
  3112 | D:6      | Found a shadowy altar of Dithmenos.
  3137 | D:6      | Reached skill level 8 in Unarmed Combat
  3684 | D:6      | Found an ancient bone altar of Kikubaaqudgha.
  3929 | D:7      | Reached skill level 5 in Dodging
  3942 | D:7      | Gained mutation: You are clumsy. (Dex -2) [mutagenic meat]
  3943 | D:7      | Gained mutation: You are very clumsy. (Dex -4) [mutagenic meat]
  3944 | D:7      | Gained mutation: Armour fits poorly on your strangely shaped body. [mutagenic meat]
  3945 | D:7      | Gained mutation: You are somewhat resistant to further mutation. [mutagenic meat]
  3961 | D:7      | Found a glowing golden altar of the Shining One.
  4037 | D:7      | Found a flagged portal.
  4052 | Bailey   | Entered a bailey
  4058 | Bailey   | Noticed a deep elf mage
  4071 | Bailey   | Killed a deep elf mage
  4071 | Bailey   | Reached skill level 5 in Fighting
  4071 | Bailey   | Reached skill level 9 in Unarmed Combat
  4071 | Bailey   | Reached XP level 9. HP: 75/88 MP: 8/8
  4098 | Bailey   | Noticed a deep elf mage
  4099 | Bailey   | Noticed a deep elf mage
  4099 | Bailey   | Noticed a deep elf mage
  4100 | Bailey   | Noticed a deep elf mage
  4100 | Bailey   | Noticed a deep elf mage
  4579 | D:7      | Reached skill level 10 in Unarmed Combat
  4588 | D:7      | Received a gift from Yredelemnul
  5290 | D:8      | Reached **** piety under Yredelemnul
  5533 | D:8      | Noticed Psyche
  5542 | D:8      | Killed Psyche
  5542 | D:8      | Reached skill level 11 in Unarmed Combat
  5543 | D:8      | Reached XP level 10. HP: 35/100 MP: 9/9
  5720 | D:8      | Noticed a manticore
  5725 | D:8      | Killed a manticore
  5846 | D:8      | Slain by an orc warrior

Skill      XL: |  1  2  3  4  5  6  7  8  9 |
---------------+----------------------------+-----
Unarmed Combat | 5 6 7 9 11 | 11.3
Fighting       | 3 4 5 6 |  6.5
Dodging        | 3 4 5 6 |  6.6
Stealth        | |  1.1

Action                   |  1- 3 |  4- 6 |  7- 9 | 10-12 || total
-------------------------+-------+-------+-------+-------++-------
Melee: Unarmed           |    96 |   116 |   323 |    15 ||   550
       Punch             |     3 |     2 |    12 |     1 ||    18
       Lance             |       |       |    11 |       ||    11
Invok: Animate Dead      |       |       |     5 |     1 ||     6
       Recall Undead Sla |       |       |     1 |       ||     1
  Use: Potion            |       |       |     7 |       ||     7
 Stab: Sleeping          |     1 |     1 |     2 |       ||     4
       Distracted        |       |       |     2 |       ||     2
  Eat: Chunk             |    13 |    11 |    26 |    11 ||    61
       Meat ration       |       |       |     2 |       ||     2
       Beef jerky        |       |       |     1 |       ||     1
Armor: Robe              |    31 |    24 |    62 |     7 ||   124
Dodge: Dodged            |    52 |    64 |   140 |    23 ||   279
